 Dungeon Crawl Stone Soup version 0.27-a0-1374-gc14e5d3922 (webtiles) character file.

Game seed: 10481237576215260125

1330 Froggeryz the Slicer (level 8, -12/78 HPs)
             Began as an Octopode Berserker on June 29, 2021.
             Was a Priest of Trog.
             Mangled by a gnoll sergeant (15 damage)
             ... on level 5 of the Dungeon.
             The game lasted 00:04:23 (5691 turns).

Froggeryz the Slicer (Octopode Berserker)           Turns: 5691, Time: 00:04:24

Health: -12/78     AC:  1    Str: 16    XL:     8   Next: 60%
Magic:  8/8        EV: 13    Int: 10    God:    Trog [***...]
Gold:   269        SH:  0    Dex: 13    Spells: 7/7 levels left

rFire    . . .     SeeInvis .   r - +4 dagger (drain)
rCold    . . .     Faith    .   (no shield)
rNeg     . . .     Spirit   .   (helmet restricted)
rPois    .         Reflect  .   (no amulet)
rElec    .         Harm     .   (no ring)
rCorr    .         Rampage  .   (no ring)
Will     ++...                  (no ring)
Stlth    ..........             (no ring)
HPRegen  1.23/turn              (no ring)
MPRegen  0.11/turn              (no ring)
                                (no ring)
                                (no ring)

@: berserking, strong-willed, regenerating, very quick
A: almost no armour, amphibious, 8 rings, camouflage 1, gelatinous body 1,
(nimble swimmer 1), tentacles
a: Renounce Religion, Berserk, Trog's Hand


You were on level 5 of the Dungeon.
You worshipped Trog.
Trog was most pleased with you.
You visited 1 branch of the dungeon, and saw 5 of its levels.

You collected 269 gold pieces.

Inventory:

Hand Weapons
 g - a +3 dagger of venom
 r - a +4 dagger of draining (weapon)
Missiles
 l - 4 boomerangs
 q - 5 javelins
 v - 14 poisoned darts
Armour
 i - a +0 buckler
Wands
 o - a wand of flame (23)
 x - a wand of digging (5)
Scrolls
 d - a scroll of teleportation
 e - a scroll of brand weapon {unknown}
 h - a scroll of noise {unknown}
 j - a scroll of acquirement {unknown}
 n - a scroll of amnesia {unknown}
 p - a scroll of fear {unknown}
 t - 2 scrolls of identify {unknown}
 u - a scroll of fog {unknown}
Potions
 a - 3 potions of heal wounds {unknown}
 b - 3 potions of curing
 c - a potion of ambrosia {unknown}
 f - a potion of lignification {unknown}
 k - a potion of flight {unknown}
 m - a potion of might {unknown}
 s - a potion of invisibility {unknown}
 w - a potion of magic {unknown}


   Skills:
 - Level 3.0 Fighting
 + Level 8.4 Short Blades
 - Level 3.0 Dodging
 - Level 7.0 Stealth
 * Level 4.0 Shields


You had 7 spell levels left.
You didn't know any spells.
Your spell library was empty.

Dungeon Overview and Level Annotations

Branches:
Dungeon (5/15)             Temple (0/1) D:4

Altars:
Ashenzari
Ru
Sif Muna
Xom
The Shining One

Annotations:
D:5 1 transporter, hemabe71's ghost, amateur HuAr


Innate Abilities, Weirdness & Mutations

You cannot wear most types of armour.
You are amphibious.
You can wear up to eight rings at the same time.
Your skin changes colour to match your surroundings (Stealth+).
Your rubbery body absorbs attacks. (AC +1, EV +1)
((You are camouflaged near water. (Stealth+)))
You have tentacles for arms and can constrict up to eight enemies at once.


Message History

A red film seems to cover your vision as you go berserk!
You feel yourself moving faster!
You feel mighty! The gnoll hits you with a +0 whip!
You barely miss the gnoll. Your grab misses the gnoll. You puncture the gnoll!
You grab the gnoll.
The gnoll is almost dead.
You constrict the gnoll, but do no damage.
The gnoll barely misses you.
You puncture the gnoll!
You kill the gnoll!
Trog accepts your kill. The gnoll sergeant barely misses you.
You closely miss the gnoll. You grab the gnoll. You constrict the gnoll.
The gnoll misses you.
You hit the gnoll.
The gnoll is moderately wounded.
You constrict the gnoll.
The gnoll sergeant hits you from afar with the +10 trident of the End of Times {vamp, Dex+3}!!
* * * LOW HITPOINT WARNING * * *
You hit the gnoll. You drain the gnoll.
You kill the gnoll!
Trog accepts your kill.
Your Shields skill increases to level 4!
The gnoll sergeant hits you with the +10 trident of the End of Times {vamp, Dex+3}!
* * * LOW HITPOINT WARNING * * *
You see here a +0 whip.
The gnoll shouts!
You hit the gnoll sergeant. You grab the gnoll sergeant.
The gnoll sergeant is lightly wounded.
You constrict the gnoll sergeant, but do no damage.
The gnoll shaman mumbles some strange prayers to its god against you.
You resist with almost no effort.
You hit the gnoll sergeant. You squeeze the gnoll sergeant!
The gnoll sergeant is almost dead.
You constrict the gnoll sergeant, but do no damage.
The gnoll sergeant blocks your attack.
You squeeze the gnoll sergeant.
The gnoll sergeant is almost dead.
You constrict the gnoll sergeant, but do no damage.
The gnoll sergeant hits you with the +10 trident of the End of Times {vamp, Dex+3}!
You die...

#.≈≈####.....####≈≈.#
#.≈≈#..#8###8#g.#≈≈.#
#.≈≈#8.###.###.8#≈≈.##
#.≈≈#g..........#≈≈..#
#.≈≈###.##'##.###≈≈..#
#.≈≈..#.#...#.#..≈≈..###
#.≈≈.##g#⌠.⌠#.##.≈≈.....
##.≈≈.#..#...#..#.≈≈.....
#..≈≈.##@##W##.##.≈≈.....
#..≈≈..#g#...#.#.........
#..≈≈.©#gg.©('.#©........
#..≈≈..#.#8⌠8#.#.........
#..≈≈.##.#####g##.≈≈.....
#..≈≈.#..#=:$#.©#.≈≈.....
#..≈≈.##g#..[#.##.≈≈.....
#..≈≈..#.#W$g#.#..≈≈.####
#..≈≈###.##+##.###≈≈.#


You could see 2 gnoll sergeants, a gnoll shaman and 2 gnolls.

Vanquished Creatures
  Duvessa (D:4)
  2 sky beasts
  A black bear (D:4)
  2 ogres
  A necrophage (D:4)
  A centaur (D:5)
  Dowan (D:4)
  A water moccasin zombie (D:5)
  A howler monkey (D:4)
  A bullfrog zombie (D:5)
  A centaur skeleton (D:4)
  2 jellies
  An orc priest (D:4)
  A hound (D:5)
  An iguana (D:5)
  4 orc wizards
  A hound skeleton (D:5)
  5 adders
  2 gnolls (D:5)
  An ufetubus (D:5)
  5 dart slugs
  5 orcs
  6 ball pythons
  6 bats
  7 endoplasms
  3 giant cockroaches
  5 goblins
  8 hobgoblins
  6 jackals
  4 quokkas
  6 frilled lizards
  8 kobolds
  A rat (D:1)
101 creatures vanquished.

Vanquished Creatures (others)
  6 plants (D:5)
6 creatures vanquished.

Grand Total: 107 creatures vanquished

Notes
Turn   | Place    | Note
-------+----------+-------------------------------------------
     0 | D:1      | Froggeryz the Octopode Berserker began the quest for the
                  | Orb.
     0 | D:1      | Reached XP level 1. HP: 16/16 MP: 1/1
   211 | D:1      | Reached skill level 1 in Stealth
   255 | D:1      | Reached XP level 2. HP: 21/21 MP: 2/2
   764 | D:2      | Reached XP level 3. HP: 13/26 MP: 3/3
  1210 | D:2      | Reached skill level 4 in Short Blades
  1391 | D:2      | Reached ** piety under Trog
  1463 | D:2      | Found a sacrificial altar of Ru.
  1898 | D:3      | Found a faded altar of an unknown god.
  2009 | D:3      | Reached XP level 4. HP: 28/31 MP: 4/4
  2761 | D:4      | Noticed a necrophage
  2770 | D:4      | Killed a necrophage
  2771 | D:4      | Reached skill level 5 in Short Blades
  2771 | D:4      | Reached XP level 5. HP: 31/36 MP: 5/5
  3173 | D:4      | Noticed a black bear
  3183 | D:4      | Killed a black bear
  3184 | D:4      | Reached XP level 6. HP: 42/42 MP: 6/6
  3186 | D:4      | Noticed Duvessa
  3255 | D:4      | Reached skill level 6 in Short Blades
  3255 | D:4      | Reached skill level 5 in Stealth
  3366 | D:4      | Noticed Dowan
  3380 | D:4      | Killed Duvessa
  3381 | D:4      | Killed Dowan
  3382 | D:4      | Reached XP level 7. HP: 13/46 MP: 7/7
  3773 | D:4      | Reached skill level 7 in Short Blades
  3885 | D:4      | Found a staircase to the Ecumenical Temple.
  3900 | D:4      | Reached *** piety under Trog
  4103 | D:4      | Found a glowing golden altar of the Shining One.
  4106 | D:4      | Found a shimmering altar of Xom.
  4109 | D:4      | Found a sacrificial altar of Ru.
  4121 | D:4      | Found a broken altar of Ashenzari.
  4228 | D:4      | Found a shimmering blue altar of Sif Muna.
  4589 | D:5      | Entered Level 5 of the Dungeon
  4601 | D:5      | Reached XP level 8. HP: 40/52 MP: 8/8
  4701 | D:5      | Reached skill level 1 in Shields
  4731 | D:5      | Reached skill level 8 in Short Blades
  5381 | D:5      | Found a transporter.
  5382 | D:5      | Noticed hemabe71's ghost (amateur HuAr)
  5384 | D:5      | Found a transporter.
  5426 | D:5      | Identified the +10 trident of the End of Times {vamp,
                  | Dex+3}
  5426 | D:5      | Identified the +0 scale mail "Gentango" {Str+3}
  5688 | D:5      | HP: 1/78 [gnoll sergeant (16)]
  5691 | D:5      | Mangled by a gnoll sergeant

Illustrated notes

Levels and vault maps discovered:
D:1:      lightli_arrival_chessboard, layout_loops_ring, roderic_lattice_a
D:2:      minmay_evil_eye, layout_basic, basic_altar
D:3:      layout_basic, shapermc_ecumenical_altar_mp_urbaneastern,
          grunt_ministairs_14
D:4:      cheibrodos_barr_body, layout_gridville,
          grunt_temple_overflow_cloverleaf, led_sif_book,
          minmay_temple_entry_proselytizer, uniq_duvessa
D:5:      layout_rooms, gammafunk_ghost_gnarly_gnolls

Skill      XL: |  1  2  3  4  5  6  7  8 |
---------------+-------------------------+-----
Stealth        | 1 2 3 4 5 7 |  7.0
Short Blades   | 4 5 6 7 8 |  8.4
Shields        | 4 |  4.0
Fighting       | |  3.0
Dodging        | |  3.0

Action                   |  1- 3 |  4- 6 |  7- 9 || total
-------------------------+-------+-------+-------++-------
Melee: Short sword       |    33 |       |       ||    33
       Constrict         |    14 |    10 |    15 ||    39
       Tentacles         |    15 |    11 |    20 ||    46
       Dagger            |    29 |    62 |    96 ||   187
Invok: Berserk           |     1 |     3 |     3 ||     7
       Trog's Hand       |       |       |     1 ||     1
  Use: Potion            |     1 |       |       ||     1
       Scroll            |       |     1 |       ||     1
 Stab: Sleeping          |    13 |     6 |     9 ||    28
Armor: Skin              |       |     6 |     6 ||    12
Dodge: Dodged            |    26 |    37 |    36 ||    99

Table legend: (Time is in decaauts)
 A = Elapsed time spent in this place.
 B = Non-inter-level travel time spent in this place.
 C = Inter-level travel time spent in this place.
 D = Time resting spent in this place.
 E = Time spent auto-exploring this place.
 F = Levels seen in this place.
 G = Mean time per level.
                   A        B        C        D        E       F      G
               +--------+--------+--------+--------+--------+-----+--------+
         Total |   5682 |   5416 |    266 |   1166 |   3662 |   5 | 1136.4 |
       Dungeon |   5682 |   5416 |    266 |   1166 |   3662 |   5 | 1136.4 |
               +--------+--------+--------+--------+--------+-----+--------+

Top non-repeatable levels by time:
     D:4: 1593 daAuts
     D:3: 1127 daAuts
     D:5: 1098 daAuts
     D:2: 983 daAuts
     D:1: 879 daAuts
